 Dungeon Crawl Stone Soup version 0.26.0-15-gc6cd9f7 (webtiles) character file.

Game seed: 2015882177223610598

72 Ubbricas the Slasher (level 4, -1/34 HPs)
             Began as a Demonspawn Gladiator on Jan 21, 2021.
             Slain by a worm (8 damage)
             ... on level 2 of the Dungeon.
             The game lasted 00:03:07 (1673 turns).

Ubbricas the Slasher (Demonspawn Gladiator)         Turns: 1673, Time: 00:03:08

Health: -1/34      AC:  9    Str: 14    XL:     4   Next: 7%
Magic:  4/4        EV: 10    Int: 10    God:
Gold:   64         SH:  0    Dex: 15    Spells: 3/3 levels left

rFire    + + .     SeeInvis .   a - +0 long sword
rCold    x . .     Faith    .   (no shield)
rNeg     . . .     Spirit   .   h - +0 fire dragon scales
rPois    .         Reflect  .   c - +0 helmet
rElec    .         Harm     .   (no cloak)
rCorr    .         Rampage  .   (no gloves)
Will     .....                  (no boots)
Stlth    ..........             (no amulet)
HPRegen  0.11/turn              m - ring of flight
MPRegen  0.09/turn              (no ring)

@: no status effects
A: claws 1, spiny 1
a: Evoke Flight


You were on level 2 of the Dungeon.
You visited 1 branch of the dungeon, and saw 2 of its levels.

You collected 64 gold pieces.

Inventory:

Hand Weapons
 a - a +0 long sword (weapon)
Missiles
 d - 3 throwing nets (quivered)
Armour
 b - a +0 leather armour
 c - a +0 helmet (worn)
 h - +0 fire dragon scales (worn)
Jewellery
 m - a ring of flight (left claw)
Scrolls
 e - 3 scrolls of teleportation {unknown}
 i - a scroll of fear {unknown}
 j - a scroll of magic mapping {unknown}
 k - 2 scrolls of remove curse {unknown}
 n - a scroll of immolation {unknown}
 o - a scroll of amnesia {unknown}
Potions
 f - a potion of attraction {unknown}
 g - a potion of might {unknown}
 l - a potion of ambrosia {unknown}
 p - a potion of haste {unknown}


   Skills:
 + Level 2.7 Fighting
 * Level 3.7 Long Blades
 - Level 1.7 Throwing
 + Level 3.2 Dodging


You had 3 spell levels left.
You didn't know any spells.
Your spell library was empty.

Dungeon Overview and Level Annotations

Branches:
Dungeon (2/15)

Altars:


Innate Abilities, Weirdness & Mutations

You have sharp fingernails.
You are partially covered in sharp spines.


Message History

The worm is moderately wounded.
The worm bites you. The worm is struck by your spines. The worm bites you.
The worm is struck by your spines. The worm bites you.
The worm is struck by your spines. The worm bites you!
The worm bites you but does no damage. The worm bites you but does no damage.
The worm bites you but does no damage. The worm is struck by your spines.
The worm barely misses you.
You riposte.
You hit the worm but do no damage.
The worm is heavily wounded.
The worm bites you. The worm bites you. The worm is struck by your spines.
The worm bites you but does no damage. The worm is struck by your spines.
The worm completely misses you. The worm is struck by your spines.
The worm bites you!
* * * LOW HITPOINT WARNING * * *
The worm is struck by your spines. The worm bites you but does no damage.
The worm bites you!
You die...

.###......... ###.
..#.........
....##
#.#.........
##..).
#...........
#.....
#........... .....
##...........
.#.#.#. .#.....
#............
....... . .....
#....@w...... #.
.. ...#
#............ ##
.#.#..#
#(..#######.. # ..
...# #...# #
..###.######...#
..
...##..........###
###
##...............#
.
...#............##
..
####........≈≈..#
)..


You could see a worm.

Vanquished Creatures
  2 adders (D:2)
  3 dart slugs
  3 leopard geckos (D:2)
  5 orcs (D:2)
  A ball python (D:1)
  10 bats
  2 giant cockroaches (D:2)
  4 goblins
  3 hobgoblins
  A kobold (D:2)
  A frilled lizard (D:2)
  3 rats
38 creatures vanquished.

Notes
Turn   | Place    | Note
-------+----------+-------------------------------------------
     0 | D:1      | Ubbricas the Demonspawn Gladiator began the quest for the
                  | Orb.
     0 | D:1      | Reached XP level 1. HP: 16/16 MP: 1/1
   203 | D:1      | Gained mutation: You have sharp fingernails. [demonic
                  | ancestry]
   203 | D:1      | Reached XP level 2. HP: 4/22 MP: 2/2
  1130 | D:2      | Reached XP level 3. HP: 28/28 MP: 3/3
  1383 | D:2      | Gained mutation: You are partially covered in sharp spines.
                  | [demonic ancestry]
  1383 | D:2      | Reached XP level 4. HP: 18/34 MP: 4/4
  1673 | D:2      | Slain by a worm

Illustrated notes

Levels and vault maps discovered:
D:1:      mushboom_english_gardens, layout_basic
D:2:      cheibrodos_helix_gallery, layout_basic

Skill      XL: |  1  2 |
---------------+-------+-----
Long Blades    | 3 |  3.7
Dodging        | 3 |  3.2
Fighting       | |  2.7
Throwing       | |  1.7

Action                   |  1- 3 |  4- 6 || total
-------------------------+-------+-------++-------
Melee: Long sword        |   102 |     2 ||   104
Armor: Leather armour    |    17 |       ||    17
       Fire dragon scale |    62 |     7 ||    69
Dodge: Dodged            |    75 |     8 ||    83
       Rpst.: Long sword |    26 |     3 ||    29
